 Dungeon Crawl Stone Soup version 0.24.1-8-ga250c9d538 (webtiles) character file.

Game seed: 877243568995096158, levelgen mode: deterministic

119 Peloso the Shield-Bearer (level 4, -1/35 HPs)
             Began as a Demonspawn Fighter on Apr 27, 2020.
             Killed from afar by a white imp (10 damage)
             ... with a puff of frost
             ... summoned by the player character
             ... on level 3 of the Dungeon.
             The game lasted 00:04:48 (1656 turns).

Peloso the Shield-Bearer (Demonspawn Fighter)       Turns: 1656, Time: 00:04:48

Health: -1/35      AC:  9    Str: 22    XL:     4   Next: 73%
Magic:  4/4        EV:  7    Int:  9    God:
Gold:   58         SH:  9    Dex: 13    Spells: 3/3 levels left

rFire    . . .     SeeInvis .   a - +0 long sword
rCold    . . .     Gourm    .   c - +0 shield
rNeg     . . .     Faith    .   b - +0 scale mail
rPois    .         Spirit   .   (helmet restricted)
rElec    .         Reflect  .   (no cloak)
rCorr    .         Harm     .   k - +0 pair of gloves
MR       .....                  (no boots)
Stlth    ..........             (no amulet)
HPRegen  0.11/turn              (no ring)
MPRegen  0.09/turn              (no ring)

@: mighty, very slightly contaminated, lightly drained
A: horns 1, molten scales 1, demonic guardian 1
a: no special abilities


You were on level 3 of the Dungeon.
You were not hungry.

You visited 1 branch of the dungeon, and saw 3 of its levels.

You collected 58 gold pieces.

Inventory:

Hand Weapons
 a - a +0 long sword (weapon)
Armour
 b - a +0 scale mail (worn)
 c - a +0 shield (worn)
 k - a +0 pair of gloves (worn)
Scrolls
 e - a scroll of random uselessness {unknown}
 g - 3 scrolls of amnesia {unknown}
 h - 2 scrolls of noise {unknown}
 i - a scroll of blinking {unknown}
 j - a scroll of fog {unknown}
 l - a scroll of identify {unknown}
 m - a scroll of immolation {unknown}
 n - a scroll of remove curse {unknown}
 p - 3 scrolls of teleportation {unknown}
Potions
 r - a potion of mutation {unknown}
Comestibles
 f - 7 rations


   Skills:
 + Level 3.3(3.1) Fighting
 + Level 2.6(2.4) Long Blades
 + Level 3.3(3.1) Armour
 + Level 0.9(0.7) Dodging
 + Level 3.5(3.3) Shields


You had 3 spell levels left.
You didn't know any spells.
Your spell library was empty.

Dungeon Overview and Level Annotations

Branches:
Dungeon (3/15)

Altars:
Ashenzari
Fedhas

Annotations:
D:2 1 runed translucent door, Crazy Yiuf


Innate Abilities, Weirdness & Mutations

You have a pair of small horns on your head.
You are partially covered in molten scales. (AC +2)
A weak demonic guardian rushes to your aid.


Message History

The orc closely misses your white imp.
Your white imp hits the orc.
The orc dies!
You flicker back into view.
The bat hits you but does no damage.
Your white imp disappears in a puff of smoke!
You block the bat's attack. You block the bat's attack.
The bat barely misses you.
You riposte.
You miss the bat. Your headbutt misses the bat.
A goblin and a skeleton come into view.
The goblin shouts!
The bat hits you but does no damage.
A quokka zombie comes into view.
The bat closely misses you. The bat barely misses you.
You riposte.
You barely miss the bat. Your headbutt misses the bat.
You block the bat's attack. The bat hits you but does no damage.
Your white imp gestures at the bat.
The puff of frost misses the bat.
The puff of frost hits you!
You die...

#..#...#.......
#...z..'..._... #####
#.....5#.......
#....###.z####5z......
#......#.5...#.5o†....
#....Z.#.##..#o.##'.#.
#...8Z...# #.####..)##
###....gb.## ...
#..o.. .......@..#
#..#..... .#####.####
####.##)##) #.
........).) ..
.###.##.### ##.
..........# #.
.###.#P.[.# .. ..
#P..P# .. ## #.....
####.....


You could see 2 wights, a quokka zombie, a goblin, a bat, a leopard gecko
skeleton and a friendly white imp.

Vanquished Creatures
  A worker ant zombie (D:3)
  An adder (D:2)
  A worm (D:3)
  3 dart slugs (D:1)
  6 leopard geckos
  7 orcs (D:3)
  6 giant cockroaches
  5 goblins
  8 hobgoblins
  4 jackals (D:2)
  A ball python (D:1)
  7 bats
  A frilled lizard (D:2)
  5 kobolds
  13 rats
69 creatures vanquished.

Vanquished Creatures (collateral kills)
  An adder skeleton (D:3)
  2 orcs (D:3)
  A bat (D:3)
4 creatures vanquished.

Grand Total: 73 creatures vanquished

Notes
Turn   | Place    | Note
-------+----------+-------------------------------------------
     0 | D:1      | Peloso the Demonspawn Fighter began the quest for the Orb.
     0 | D:1      | Reached XP level 1. HP: 18/18 MP: 1/1
    68 | D:1      | Gained mutation: A weak demonic guardian rushes to your
                  | aid. [demonic ancestry]
    68 | D:1      | Reached XP level 2. HP: 20/24 MP: 2/2
   333 | D:1      | Gained mutation: You are partially covered in molten
                  | scales. (AC +2) [demonic ancestry]
   333 | D:1      | Reached XP level 3. HP: 27/29 MP: 3/3
   590 | D:2      | Found a blossoming altar of Fedhas.
   895 | D:2      | Found a runed translucent door.
   896 | D:2      | Noticed Crazy Yiuf
  1103 | D:2      | Gained mutation: You have a pair of small horns on your
                  | head. [demonic ancestry]
  1103 | D:2      | Reached XP level 4. HP: 35/35 MP: 4/4
  1633 | D:3      | Found a shattered altar of Ashenzari.
  1656 | D:3      | Killed from afar by a white imp

Levels and vault maps discovered:
D:1:      mrwooster_arrival_statue_3, layout_basic, minmay_misc_feat_tower
D:2:      layout_basic, fedhas_altar_3, first_ration, minmay_worlds_worst_comb,
          uniq_crazy_yiuf_cottage
D:3:      layout_loops_cross, evilmike_ruin_ashenzari, serial_undead,
          serial_undead_d, serial_undead_b, serial_undead_b, serial_undead_c,
          serial_undead_c, serial_undead_d, nicolae_ru_the_path_less_chosen

Skill      XL: |  1  2 |
---------------+-------+-----
Shields        | 3 |  3.5
Long Blades    | 2 |  2.6
Armour         | 3 |  3.3
Fighting       | |  3.3
Dodging        | |  0.9

Action                   |  1- 3 |  4- 6 || total
-------------------------+-------+-------++-------
Melee: Long sword        |   174 |    76 ||   250
       Headbutt          |       |    10 ||    10
  Use: Potion            |       |     2 ||     2
  Eat: Chunk             |       |     3 ||     3
Armor: Scale mail        |   133 |    54 ||   187
Dodge: Dodged            |    70 |    41 ||   111
Block: Shield            |   143 |    64 ||   207
       Rpst.: Long sword |    22 |    11 ||    33
